 Dungeon Crawl Stone Soup version 0.32-a0-377-g951292165a (webtiles) character file.

Game seed: 523525285836627784

7449 Anathary the Carver (level 10, -6/90 HPs)
             Began as a Minotaur Shapeshifter on Feb 19, 2024.
             Was an Elder of Makhleb.
             Mangled by a kobold brigand
             ... wielding a +0 short sword
              (9 damage)
             ... on level 8 of the Dungeon.
             The game lasted 00:30:11 (5926 turns).

Anathary the Carver (Minotaur Shapeshifter)         Turns: 5926, Time: 00:30:12

Health: -6/90      AC:  2    Str: 22    XL:     10   Next: 93%
Magic:  9/9        EV: 14    Int:  9    God:    Makhleb [****..]
Gold:   557        SH:  8    Dex: 12    Spells: 9/9 levels left

rFire   . . .        v - +7 Throatcutter {drain, coup de grace}
rCold   . . .        t - +3 buckler of Vudar {+Blink Regen+ rCorr Str+3}
rNeg    . . .        a - +0 animal skin
rPois   .            (helmet currently unavailable)
rElec   .            z - melded scarf {rC+ rF+}
rCorr   +            (gloves currently unavailable)
SInv    +            k - melded +2 pair of boots
Will    .....        (no amulet)
Stlth   ++           B - ring of see invisible
HPRegen 1.15/turn    (no ring)
MPRegen 0.11/turn

%: no passive effects
@: beast-form
A: beast (slay +3), horns 2, retaliatory headbutt
a: Begin Untransformation, Renounce Religion, Evoke Blink, Minor Destruction,
Lesser Servant of Makhleb, Major Destruction


You were on level 8 of the Dungeon.
You worshipped Makhleb.
Makhleb was greatly pleased with you.
You were a hulking beast.
You visited 2 branches of the dungeon, and saw 9 of its levels.
You also visited: Bailey.

You collected 557 gold pieces.

Inventory:

Hand Weapons
 r - a +2 dagger of flaming
 v - the +7 Throatcutter (weapon) {drain, coup de grace}
   (You found it on level 4 of the Dungeon)
Armour
 a - a +0 animal skin (worn)
 k - a +2 pair of boots (melded)
 t - the +3 buckler of Vudar (worn) {+Blink Regen+ rCorr Str+3}
   (You found it on level 3 of the Dungeon)

   Str+3:     It affects your strength (+3).
   +Blink:    It lets you blink.
   Regen+:    It increases your rate of health regeneration.
   rCorr:     It protects you from acid and corrosion.
 z - a scarf of resistance (melded)
Jewellery
 l - an amulet of magic regeneration
 m - an amulet of faith
 B - a ring of see invisible (left hand)
Talismans
 c - a beast talisman (active)
 d - a flux talisman
Wands
 f - a wand of paralysis (23)
 u - a wand of light (11)
 w - a wand of digging (9)
 x - a wand of flame (41)
 E - a wand of polymorph (6)
Scrolls
 i - 4 scrolls of identify
 n - 6 scrolls of teleportation
 p - a scroll of revelation
 y - a scroll of butterflies {unknown}
 C - 2 scrolls of poison
Potions
 b - 3 potions of lignification
 e - a potion of degeneration
 g - a potion of ambrosia
 h - 9 potions of curing
 j - a potion of enlightenment
 o - a potion of haste
 q - 3 potions of resistance
 s - a potion of magic
 A - a potion of attraction {unknown}
 D - a potion of mutation {unknown}


   Skills:
 + Level 8.6 Fighting
 + Level 11.4 Long Blades
 + Level 7.3 Dodging
 + Level 3.1 Stealth
 + Level 5.4 Shields
 - Level 6.4 Unarmed Combat
 + Level 5.3 Shapeshifting


You had 9 spell levels left.
You didn't know any spells.
Your spell library contained the following spells:

 Spells                   Type           Power      Damage    Failure   Level
 Jinxbite                 Hex            0%         N/A       58%         2
 Scorch                   Fire           0%         2d5       58%         2
 Dazzling Flash           Conj/Hex       0%         N/A       82%         3
 Mephitic Cloud           Conj/Alch/Air  0%         N/A       82%         3
 Cause Fear               Hex            0%         N/A       99%         4
 Flame Wave               Conj/Fire      0%         2d4       99%         4
 Curse of Agony           Necr           0%         N/A       100%        5
 Fireball                 Conj/Fire      0%         3d3       100%        5
 Silence                  Hex/Air        0%         N/A       100%        5
 Yara's Violent Unravell  Hex/Alch       0%         3d3       100%        5
 Summon Cactus Giant      Summ           0%         N/A       100%        6
 Enfeeble                 Hex            0%         N/A       100%        7
 Dragon's Call            Summ           0%         N/A       100%        9


Dungeon Overview and Level Annotations

Branches:
Dungeon (8/15)             Temple (1/1) D:7          Bailey (visited)
   Lair: D:8-11

Altars:
Ashenzari
Cheibriados
Dithmenos
Elyvilon
Fedhas
Gozag
Hepliaklqana
Kikubaaqudgha
Makhleb
Nemelex Xobeh
Okawaru
Sif Muna
Uskayaw
Vehumet
Xom
Yredelemnul
Zin
The Shining One

Shops:
D:1 :   D:5 !??


Innate Abilities, Weirdness & Mutations

You are a hulking beast.
Your limbs bulge with bestial killing power. (Slay +3)
You have a pair of horns on your head.
You reflexively headbutt those who attack you in melee.


Message History

The four-headed hydra is lightly wounded.
The four-headed hydra barely misses you.
You block the four-headed hydra's attack.
The four-headed hydra bites you!
You block the four-headed hydra's attack.
The kobold brigand barely misses you.
You chop one of the four-headed hydra's heads off!
The three-headed hydra grows two more!
You slash the five-headed hydra! You drain the five-headed hydra.
The five-headed hydra is moderately wounded.
The five-headed hydra closely misses you.
The five-headed hydra misses you.
The five-headed hydra barely misses you.
You block the five-headed hydra's attack. x2
The kobold brigand hits you with a +0 short sword.
You chop one of the five-headed hydra's heads off!
The four-headed hydra grows two more!
You slice the six-headed hydra!!
Your headbutt misses the six-headed hydra.
The six-headed hydra is moderately wounded.
The six-headed hydra bites you. The six-headed hydra bites you! x2
You block the six-headed hydra's attack.
The six-headed hydra bites you.
You block the six-headed hydra's attack.
The kobold brigand misses you.
You hack one of the six-headed hydra's heads off!
The five-headed hydra grows two more!
You hit the seven-headed hydra. You headbutt the seven-headed hydra!
The seven-headed hydra is heavily wounded.
The seven-headed hydra bites you!
* * * LOW HITPOINT WARNING * * *
The seven-headed hydra completely misses you.
The seven-headed hydra misses you. The seven-headed hydra bites you.
* * * LOW HITPOINT WARNING * * *
The seven-headed hydra bites you!
* * * LOW HITPOINT WARNING * * *
The seven-headed hydra bites you.
* * * LOW HITPOINT WARNING * * *
The seven-headed hydra barely misses you.
The kobold brigand hits you with a +0 short sword!
You die...

##########
#.....'hD#
#.....#K)#
##'''###+#
#.....P~.#
#.♣.♣.~~P#
#..♣..P)~#
#.♣.♣..~P#
#..~..~PP#
####)#####


You could see a seven-headed hydra (drained) and a kobold brigand.

Vanquished Creatures
  2 vault guards (Bailey)
  Maurice (D:7)
  Prince Ribbit (Bailey)
  2 dream sheep (D:8)
  A wyvern (D:7)
  Sigmund (D:5)
  3 humans (Bailey)
  3 water moccasins
  2 sky beasts (D:7)
  2 orc warriors (D:7)
  3 black bears
  4 ice beasts
  2 ogres
  3 centaurs
  2 phantoms
  3 kobold brigands
  16 bullfrogs
  2 scorpions (D:5)
  6 hounds
  2 jellies (D:7)
  4 bombardier beetles
  5 orc priests
  3 sleepcaps
  4 iguanas
  7 orc wizards
  11 adders
  4 gnolls (D:6)
  3 shadow imps
  2 white imps
  3 ufetubi
  4 dart slugs
  4 ribbon worms
  28 orcs
  9 endoplasms
  4 giant cockroaches
  7 hobgoblins
  6 jackals
  13 kobolds
  6 quokkas
  9 ball pythons
  6 bats
  3 frilled lizards
  9 goblins
  13 rats
228 creatures vanquished.

Notes
Turn   | Place    | Note
-------+----------+-------------------------------------------
     0 | D:1      | Anathary the Minotaur Shapeshifter began the quest for the
                  | Orb.
     0 | D:1      | Reached XP level 1. HP: 16/16 MP: 0/0
    41 | D:1      | Found Etaydick's Book Emporium.
   150 | D:1      | Reached XP level 2. HP: 23/23 MP: 1/1
   414 | D:1      | Reached XP level 3. HP: 27/28 MP: 2/2
   890 | D:2      | Reached XP level 4. HP: 35/35 MP: 3/3
  1680 | D:3      | Reached skill level 5 in Unarmed Combat
  1710 | D:3      | Reached XP level 5. HP: 12/40 MP: 4/4
  1840 | D:3      | Found a burning altar of Makhleb.
  1849 | D:3      | Became a worshipper of Makhleb the Destroyer
  2060 | D:3      | Identified the +3 buckler of Vudar {+Blink Regen+ rCorr
                  | Str+3}
  2411 | D:4      | Found a hazy altar of Hepliaklqana.
  2545 | D:4      | Reached XP level 6. HP: 47/47 MP: 5/5
  2605 | D:4      | Reached * piety under Makhleb
  2806 | D:4      | Found the +7 Throatcutter {drain, coup de grace}
  2936 | D:4      | Found a glowing silver altar of Zin.
  3143 | D:5      | Entered Level 5 of the Dungeon
  3143 | D:5      | Found Uwoytuhe's Distillery.
  3199 | D:5      | Found Bafoap's Magic Scroll Shoppe.
  3200 | D:5      | Noticed a water moccasin
  3204 | D:5      | Killed a water moccasin
  3205 | D:5      | Reached skill level 1 in Stealth
  3205 | D:5      | Reached XP level 7. HP: 56/56 MP: 6/6
  3241 | D:5      | Reached skill level 1 in Long Blades
  3253 | D:5      | Found a blossoming altar of Fedhas.
  3318 | D:5      | Found an iron altar of Okawaru.
  3322 | D:5      | Noticed Sigmund
  3338 | D:5      | Killed Sigmund
  3339 | D:5      | Reached skill level 2 in Long Blades
  3354 | D:5      | Reached skill level 3 in Long Blades
  3380 | D:5      | Reached skill level 1 in Shields
  3383 | D:5      | Reached ** piety under Makhleb
  3384 | D:5      | Reached XP level 8. HP: 62/66 MP: 7/7
  3420 | D:5      | Found Weafuc's Magic Scroll Shop.
  3465 | D:5      | Found a shimmering altar of Xom.
  3479 | D:5      | Reached skill level 4 in Long Blades
  3588 | D:5      | Noticed a +0 dagger
  3589 | D:5      | Noticed a +0 spear
  3589 | D:5      | Noticed a +0 short sword
  3590 | D:5      | Noticed a +0 short sword
  3590 | D:5      | Noticed a +0 spear
  3590 | D:5      | Noticed a +0 falchion
  3590 | D:5      | Noticed a +0 dagger
  3591 | D:5      | Noticed a +0 falchion
  3604 | D:5      | Found a hide-covered altar of Uskayaw.
  3904 | D:6      | Reached skill level 5 in Long Blades
  3940 | D:6      | Reached skill level 5 in Dodging
  4057 | D:6      | Reached skill level 5 in Fighting
  4057 | D:6      | Reached skill level 6 in Long Blades
  4189 | D:6      | Reached XP level 9. HP: 59/74 MP: 8/8
  4214 | D:6      | Found a sparkling altar of Nemelex Xobeh.
  4340 | D:6      | Reached skill level 7 in Long Blades
  4538 | D:7      | Noticed Maurice
  4588 | D:7      | Found a flagged portal.
  4593 | D:7      | Reached *** piety under Makhleb
  4599 | Bailey   | Entered a bailey
  4663 | Bailey   | HP: 3/75 [human/+1 heavy hand axe (8)]
  4667 | Bailey   | Reached skill level 8 in Long Blades
  4773 | Bailey   | Reached skill level 9 in Long Blades
  4791 | Bailey   | Noticed a vault guard
  4819 | Bailey   | Killed a vault guard
  4820 | Bailey   | Reached XP level 10. HP: 39/86 MP: 9/9
  4890 | Bailey   | Noticed Prince Ribbit
  4890 | Bailey   | Noticed a vault guard
  4902 | Bailey   | Killed Prince Ribbit
  4909 | Bailey   | Killed a vault guard
  4910 | Bailey   | Reached skill level 10 in Long Blades
  4910 | Bailey   | Reached skill level 5 in Shapeshifting
  5176 | D:7      | Found a staircase to the Ecumenical Temple.
  5427 | D:7      | Reached **** piety under Makhleb
  5434 | D:7      | Reached skill level 5 in Shields
  5562 | D:7      | Killed Maurice
  5563 | D:7      | Reached skill level 11 in Long Blades
  5888 | Temple   | Entered the Ecumenical Temple
  5920 | D:8      | Noticed a three-headed hydra
  5926 | D:8      | HP: 3/90 [seven-headed hydra (6)]
  5926 | D:8      | Mangled by a kobold brigand

Illustrated notes

Levels and vault maps discovered:
D:1:      zelgadis_glass_arrival_small, layout_rooms, serial_shops, shop,
          nicolae_concentric_dashed_squares_mild, minmay_tree_intersection
D:2:      layout_basic
D:3:      layout_rooms, mainiacjoe_overflow_paths
D:4:      layout_gridville, mainiacjoe_overflow_alcove_2,
          mainiacjoe_overflow_alcove_4, dilly_guarded_unrand_throatcut
D:5:      layout_basic, nicolae_uskayaw_en_pointe,
          mainiacjoe_overflow_six_doors_small, okawaru_trees_1,
          mainiacjoe_overflow_small_starburst, serial_shops, shop, shop,
          nicolae_shop_hallway_stairs, uniq_sigmund
D:6:      layout_cave_pools, mainiacjoe_overflow_alcove_1, kennysheep_donut,
          minmay_fractal_squares_5
D:7:      layout_gridville, minmay_temple_entry_proselytizer, enter_bailey_3,
          minmay_alternating_orb, uniq_maurice
D:8:      layout_loops_cross, lemuel_doored_altar, nicolae_ru_path_of_blood,
          nicolae_qazlal_general_emergency, hangedman_ranch, uniq_grum
Temple:   zaba_magenta_temple

Skill      XL: |  1  2  3  4  5  6  7  8  9 10 |
---------------+-------------------------------+-----
Unarmed Combat | 4 5 6 |  6.4
Shapeshifting  | 3 4 5 |  5.3
Dodging        | 3 4 5 6 7 |  7.3
Fighting       | 2 3 5 7 8 |  8.6
Stealth        | 1 2 3 |  3.1
Long Blades    | 3 6 9 11 | 11.4
Shields        | 1 2 4 5 |  5.4

Action                     |  1- 3 |  4- 6 |  7- 9 | 10-12 || total
---------------------------+-------+-------+-------+-------++-------
  Melee: Unarmed           |    59 |   157 |       |       ||   216
         Headbutt          |     8 |    19 |    28 |    13 ||    68
         Punch             |     1 |     3 |       |       ||     4
         Long sword        |       |     3 |   175 |    95 ||   273
    Use: Scroll            |       |       |    11 |     3 ||    14
         Potion            |       |       |     1 |       ||     1
   Stab: Sleeping          |       |     2 |     1 |     2 ||     5
 Armour: Animal skin       |    25 |    77 |   108 |    46 ||   256
  Dodge: Dodged            |    42 |    80 |    91 |    53 ||   266
  Block: Buckler           |       |       |    64 |    31 ||    95
         Form:             |     1 |     1 |     1 |       ||     3
         Beast             |     1 |     1 |     1 |       ||     3

Table legend: (Time is in decaauts)
 A = Elapsed time spent in this place.
 B = Non-inter-level travel time spent in this place.
 C = Inter-level travel time spent in this place.
 D = Time resting spent in this place.
 E = Time spent auto-exploring this place.
 F = Levels seen in this place.
 G = Mean time per level.
                   A        B        C        D        E       F      G
               +--------+--------+--------+--------+--------+-----+--------+
         Total |   5931 |   5633 |    298 |    852 |   2908 |  10 |  593.1 |
       Dungeon |   5508 |   5210 |    298 |    670 |   2908 |   8 |  688.5 |
        Temple |      1 |      1 |      0 |      0 |      0 |   1 |    1.0 |
        Bailey |    421 |    421 |      0 |    182 |      0 |   1 |  421.0 |
               +--------+--------+--------+--------+--------+-----+--------+

Top non-repeatable levels by time:
     D:7: 919 daAuts
     D:2: 896 daAuts
     D:3: 784 daAuts
     D:4: 771 daAuts
     D:5: 763 daAuts
     D:6: 671 daAuts
     D:1: 670 daAuts
  Bailey: 421 daAuts
     D:8: 31 daAuts
  Temple: 1 daAuts
